 Dungeon Crawl Stone Soup version 0.32-a0-981-g384da2ce10 (webtiles) character file.

Game seed: 3498843790601072901

46 Aldia the Firebug (level 3, 0/28 HPs)
             Began as a Mountain Dwarf Fire Elementalist on Apr 20, 2024.
             Slain by a goblin
             ... wielding a +0 dagger
             ... led by Robin
              (3 damage)
             ... on level 2 of the Dungeon.
             The game lasted 00:02:19 (1408 turns).

Aldia the Firebug (MDFE)                            Turns: 1408, Time: 00:02:19

Health: 0/28       AC:  2    Str: 12    XL:     3   Next: 44%
Magic:  6/6        EV: 10    Int: 15    God:
Gold:   56         SH:  0    Dex: 10    Spells: 3/6 levels left

rFire   . . .        e - +2 dagger (venom)
rCold   . . .        (no shield)
rNeg    . . .        a - +0 robe
rPois   .            (no helmet)
rElec   .            (no cloak)
rCorr   .            (no gloves)
SInv    .            (no boots)
Will    .....        (no amulet)
Stlth   ++           (no ring)
HPRegen 0.24/turn    (no ring)
MPRegen 0.10/turn

%: no passive effects
@: hasted, very quick
A: runic magic, artefact enchanting
a: no special abilities


You were on level 2 of the Dungeon.
You visited 1 branch of the dungeon, and saw 2 of its levels.

You collected 56 gold pieces.

Inventory:

Hand Weapons
 d - a +0 club
 e - a +2 dagger of venom (weapon)
 g - a +0 whip
Armour
 a - a +0 robe (worn)
Scrolls
 c - a scroll of acquirement {unknown}
 f - a scroll of brand weapon {unknown}
 h - a scroll of teleportation {unknown}
 k - a scroll of enchant armour {unknown}
Potions
 b - a potion of magic
 j - a potion of brilliance
 l - a potion of invisibility {unknown}


   Skills:
 + Level 1.0 Fighting
 - Level 1.3 Dodging
 - Level 1.4 Stealth
 + Level 2.2 Spellcasting
 - Level 1.0 Conjurations
 * Level 4.8 Fire Magic


You had 3 spell levels left.
You knew the following spells:

 Your Spells              Type           Power      Damage    Failure   Level
a - Foxfire               Conj/Fire      40%        2x1d6     7%          1
b - Scorch                Fire           32%        2d6       4%          2

Your spell library contained the following spells:

 Spells                   Type           Power      Damage    Failure   Level
 Inner Flame              Hex/Fire       8%         N/A       24%         3
 Volatile Blastmotes      Fire/Tloc      16%        2d11      24%         3
 Flame Wave               Conj/Fire      10%        2d6       54%         4


Dungeon Overview and Level Annotations

Branches:
Dungeon (2/15)

Altars:
Vehumet

Shops:
D:1 (

Annotations:
D:2 Robin


Innate Abilities, Weirdness & Mutations

Your spellcasting is much less encumbered by armour.
You can use scrolls of enchantment on lesser artefacts.


Message History

You hit the jackal.
You kill the jackal!
The jackal misses you.
A hobgoblin comes into view.
The hobgoblin shouts!
You hit the jackal.
The jackal is heavily wounded.
The jackal barely misses you.
You hit the jackal.
The jackal is poisoned.
The jackal is severely wounded.
You kill the jackal!
Robin roars a battlecry!
The goblins go into a battle-frenzy!
A goblin comes into view. It is wielding a +0 club.
You hit the hobgoblin.
The hobgoblin is poisoned.
The hobgoblin is heavily wounded.
Robin throws the goblin at you! The goblin misses you. The hobgoblin hits you.
You hit the hobgoblin.
You kill the hobgoblin!
The goblin hits you with a +0 club.
You hit the goblin.
The goblin is poisoned.
The goblin is heavily wounded.
The goblin barely misses you. The hobgoblin completely misses you.
You hit the goblin.
You kill the goblin!
The hobgoblin closely misses you.
You barely miss the hobgoblin. Robin throws the goblin at you!
The goblin hits you but does no damage. The hobgoblin hits you.
Unknown command.
You barely miss the goblin. The goblin hits you with a +0 dagger.
The hobgoblin hits you.
* * * LOW HITPOINT WARNING * * *
You barely miss the goblin. The goblin hits you with a +0 dagger.
* * * LOW HITPOINT WARNING * * *
The hobgoblin hits you but does no damage.
Okay, then.
You feel yourself speed up.
Robin points. "Kill!"
The goblin hits you with a +0 dagger.
You die...

#...#######
## #.##.
#...# ..
#...## .#
#....#
#..#.#
#..#.#####..
#..#(.......
#..#g####...
#..#@#
#..#g#
#..#g#


ggg gg# ...# ...# ..... You could see Robin, 2 hobgoblins and 5 goblins.

Vanquished Creatures
  An adder (D:2)
  A dart slug (D:1)
  3 endoplasms
  3 hobgoblins
  3 jackals (D:2)
  2 kobolds
  A quokka (D:1)
  3 ball pythons (D:1)
  4 bats
  A frilled lizard (D:1)
  6 goblins
  4 rats
32 creatures vanquished.

Vanquished Creatures (others)
  27 foxfires
27 creatures vanquished.

Grand Total: 59 creatures vanquished

Notes
Turn   | Place    | Note
-------+----------+-------------------------------------------
     0 | D:1      | Aldia the Mountain Dwarf Fire Elementalist began the quest
                  | for the Orb.
     0 | D:1      | Reached XP level 1. HP: 14/14 MP: 3/3
    17 | D:1      | Reached skill level 1 in Conjurations
   139 | D:1      | Reached skill level 4 in Fire Magic
   247 | D:1      | Reached XP level 2. HP: 20/20 MP: 1/5
   271 | D:1      | Learned a level 2 spell: Scorch
   348 | D:1      | Found a faded altar of an unknown god.
  1147 | D:1      | Found Nuawuits's Antique Weapon Shoppe.
  1233 | D:2      | Reached XP level 3. HP: 20/27 MP: 1/6
  1346 | D:2      | Found a radiant altar of Vehumet.
  1388 | D:2      | Reached skill level 1 in Fighting
  1396 | D:2      | Noticed Robin
  1408 | D:2      | Slain by a goblin

Illustrated notes

Levels and vault maps discovered:
D:1:      psy_arrival_dodecagon, layout_basic, ebering_ecumenical_altar_mist,
          serial_shops, nicolae_shop_advertising_works
          [nicolae_subvault_shop_adworks]
D:2:      layout_rooms, basic_altar, kennysheep_decorative_pillar, uniq_robin,
          uniq_crazy_yiuf_cottage, uniq_natasha

Skill      XL: |  1  2  3 |
---------------+----------+-----
Conjurations   | 1 |  1.0
Fire Magic     | 4 |  4.8
Spellcasting   | 2 |  2.2
Fighting       | 1 |  1.0
Dodging        | |  1.3
Stealth        | |  1.4

Action                     || total
---------------------------++-------
  Melee: Club              ||    21
         Unarmed           ||     4
         Dagger            ||    36
   Cast: Foxfire           ||    17
         Scorch            ||    10
    Use: Scroll            ||     2
         Potion            ||     1
 Armour: Robe              ||    44
  Dodge: Dodged            ||    37

Table legend: (Time is in decaauts)
 A = Elapsed time spent in this place.
 B = Non-inter-level travel time spent in this place.
 C = Inter-level travel time spent in this place.
 D = Time resting spent in this place.
 E = Time spent auto-exploring this place.
 F = Levels seen in this place.
 G = Mean time per level.
                   A        B        C        D        E       F      G
               +--------+--------+--------+--------+--------+-----+--------+
         Total |   1413 |   1383 |     30 |     71 |   1081 |   2 |  706.5 |
       Dungeon |   1413 |   1383 |     30 |     71 |   1081 |   2 |  706.5 |
               +--------+--------+--------+--------+--------+-----+--------+

Top non-repeatable levels by time:
     D:1: 1213 daAuts
     D:2: 199 daAuts
